 Dungeon Crawl Stone Soup version 0.17-a0-1748-g222fba8 (webtiles) character file.

1946 kae the Martial Artist (level 8, -2/59 HPs)
             Began as a Black Draconian Transmuter on Sept 1, 2015.
             Was a Follower of Qazlal.
             Slain by a wight
             ... wielding a +1 great sword
              (9 damage)
             ... on level 6 of the Dungeon.
             The game lasted 00:16:36 (8298 turns).

kae the Martial Artist (Black Draconian Transmuter) Turns: 8298, Time: 00:16:36

Health: -2/59      AC:  9    Str: 12    XL:     8   Next: 98%
Magic:  9/11       EV: 12    Int: 14    God:    Qazlal [*.....]
Gold:   336        SH:  1    Dex: 14    Spells: 3 memorised, 5 levels left

rFire  . . .     SeeInvis .       - Unarmed
rCold  . . .     Clarity  +     (armour unavailable)
rNeg   + . .     SustAt   .     (no shield)
rPois  .         Gourm    .     (helmet restricted)
rElec  +         Spirit   .     (no cloak)
rCorr  .         Warding  .     (no gloves)
rMut   .         Stasis   .     j - +2 pair of boots
MR     .....                    r - amulet of clarity
Stlth  +.........               u - ring of positive energy
                                (no ring)

@: drained, not resistant to hostile enchantments, very unstealthy
A: breathe lightning, unfitting armour, electricity resistance, cold-blooded, AC
+6
a: Breathe Lightning, Renounce Religion


You were on level 6 of the Dungeon.
You worshipped Qazlal.
Qazlal was aware of your devotion.
You were not hungry.

You visited 2 branches of the dungeon, and saw 7 of its levels.

You collected 336 gold pieces.

Inventory:

Missiles
 a - 123 arrows
 t - 8 arrows of flame
Armour
 j - a +2 pair of boots (worn)
Jewellery
 r - an amulet of clarity (around neck)
 u - a ring of positive energy (right hand)
Scrolls
 g - a scroll of immolation {unknown}
 k - 2 scrolls of remove curse
 m - a scroll of enchant weapon
 o - 2 scrolls of teleportation
 p - a scroll of fear {unknown}
 q - a scroll of identify
 v - a scroll of enchant armour
Potions
 d - a potion of brilliance
 e - a potion of curing
 i - a potion of haste
 n - a potion of might
 w - a potion of heal wounds
Books
 b - a book of Changes

   Spells                             Type                      Level
   a - Beastly Appendage              Transmutation                1
   b - Sticks to Snakes               Transmutation                2
   c - Spider Form                    Transmutation/Poison         3
   d - Ice Form                       Ice/Transmutation            4
   e - Blade Hands                    Transmutation                5
Comestibles
 c - 5 bread rations
 f - a meat ration
 h - 2 royal jellies
 l - 2 beef jerkies
 s - a slice of pizza
 x - 2 fruits


   Skills:
 - Level 1.1(0.9) Fighting
 - Level 1.7(1.6) Dodging
 + Level 11.8(11.6) Unarmed Combat
 - Level 2.0(1.8) Spellcasting
 - Level 2.0(1.8) Transmutations


You had 5 spell levels left.
You knew the following spells:

 Your Spells              Type           Power        Failure   Level  Hunger
a - Beastly Appendage     Trmt           #.....       14%         1    ##.....
b - Sticks to Snakes      Trmt           #.........   21%         2    ###....
c - Spider Form           Trmt/Pois      #.........   61%         3    ####...


Dungeon Overview and Level Annotations

Branches:
Dungeon (6/15)             Temple (1/1) D:4

Altars:
Ashenzari
Cheibriados
Gozag
Nemelex Xobeh
Okawaru
Qazlal
Ru
Sif Muna
Trog
Vehumet
Yredelemnul


Innate Abilities, Weirdness & Mutations

You can breathe wild blasts of lightning.
Your glossy black scales are hard (AC +6).
Your body does not fit into most forms of armour.
You are resistant to electric shocks.
You are cold-blooded and may be slowed by cold attacks.


Message History

You hit the wight.
The wight is lightly damaged.
The wight hits you with an enchanted great sword.
You hit the wight but do no damage.
The wight is lightly damaged.
Your transformation has ended.
Your +2 pair of boots unmelds from your body.
You hit the wight but do no damage.
The wight is lightly damaged.
The wight hits you with an enchanted great sword!
* * * LOW HITPOINT WARNING * * *
You partially resist.
You feel drained.
You are too injured to fight recklessly!
You are too injured to fight recklessly!
You are too injured to fight recklessly!
You are too injured to fight recklessly!
You closely miss the wight.
The wight is lightly damaged.
The wight hits you with an enchanted great sword!
You die...

.....#
#.....#.##
#....
##....#..#
#...#
#....##.##
#..###.## ###
######[####.#
#.###...#
##.#.....#
#.[)..(..#
##.@.....##
#..z.....#
#........#
#....<...##
#........##
#......###
.........
..........
...........


You could see a wight.

Vanquished Creatures
  Sigmund (D:5)
  Eustachio (D:5)
  Edmund (D:4)
  A centaur (D:6)
  An orc warrior (D:6)
  An ogre (D:5)
  4 big kobolds (D:3)
  8 wights
  A crimson imp (D:5)
  3 orc priests
  A hound (D:5)
  2 iguanas
  2 orc wizards (D:4)
  2 worker ants (D:4)
  A worker ant zombie (D:5)
  Robin (D:2)
  7 gnolls (D:3)
  10 adders
  3 worms (D:2)
  A giant gecko (D:1)
  16 orcs
  A ball python (D:2)
  9 giant cockroaches
  43 goblins
  35 hobgoblins
  2 quokkas
  8 bats
  A giant cockroach zombie (D:6)
  A giant gecko zombie (D:5)
  5 giant newts
  A jackal skeleton (D:4)
  5 kobolds
  8 rats
187 creatures vanquished.

Vanquished Creatures (others)
  A fungus (D:3)
1 creature vanquished.

Grand Total: 188 creatures vanquished

Notes
Turn   | Place    | Note
--------------------------------------------------------------
     0 | D:1      | kae the Draconian Transmuter began the quest for the Orb.
     0 | D:1      | Reached XP level 1. HP: 16/16 MP: 3/3
   131 | D:1      | Reached XP level 2. HP: 17/23 MP: 5/5
   551 | D:2      | Reached skill level 4 in Unarmed Combat
   984 | D:2      | Reached XP level 3. HP: 19/28 MP: 6/6
  1591 | D:2      | Reached XP level 4. HP: 35/35 MP: 7/7
  1762 | D:2      | Reached skill level 5 in Unarmed Combat
  2551 | D:3      | Reached XP level 5. HP: 22/40 MP: 8/8
  3050 | D:3      | Noticed a big kobold
  3050 | D:3      | Noticed a big kobold
  3058 | D:3      | Noticed a big kobold
  3118 | D:3      | Reached skill level 6 in Unarmed Combat
  3243 | D:2      | Noticed Robin
  3251 | D:2      | Killed Robin
  3276 | D:3      | Killed a big kobold
  3630 | D:3      | Reached XP level 6. HP: 16/47 MP: 9/9
  4328 | D:3      | Killed a big kobold
  4328 | D:3      | Reached skill level 7 in Unarmed Combat
  4664 | D:3      | Killed a big kobold
  4728 | D:3      | Noticed a big kobold
  4742 | D:3      | Killed a big kobold
  4742 | D:3      | Reached skill level 8 in Unarmed Combat
  4742 | D:3      | Your scales start taking on a glossy black colour.
  4742 | D:3      | Gained mutation: You are resistant to electric shocks. [Black Draconian growth]
  4742 | D:3      | Reached XP level 7. HP: 40/52 MP: 10/10
  4913 | D:4      | Found a snail-covered altar of Cheibriados.
  4917 | D:4      | Learned a level 2 spell: Sticks to Snakes
  4921 | D:4      | Learned a level 3 spell: Spider Form
  5302 | D:4      | Found a shattered altar of Ashenzari.
  5362 | D:4      | Found a staircase to the Ecumenical Temple.
  5400 | Temple   | Entered the Ecumenical Temple
  5412 | Temple   | Became a worshipper of Qazlal Stormbringer
  5940 | D:4      | Reached skill level 9 in Unarmed Combat
  5978 | D:5      | Entered Level 5 of the Dungeon
  5988 | D:5      | Noticed Sigmund
  6002 | D:5      | Killed Sigmund
  6031 | D:5      | Noticed Eustachio
  6072 | D:5      | Noticed Edmund
  6114 | D:5      | HP: 1/52 [Edmund/flail of crushing (2)]
  6430 | D:4      | Killed Edmund
  6430 | D:4      | Reached XP level 8. HP: 35/59 MP: 9/11
  6481 | D:4      | Reached skill level 10 in Unarmed Combat
  6746 | D:5      | Killed Eustachio
  7427 | D:5      | Found a radiant altar of Vehumet.
  7754 | D:5      | Reached skill level 11 in Unarmed Combat
  7984 | D:6      | Acquired Qazlal's first power
  8298 | D:6      | Slain by a wight

Vault maps used:
D:1:      elethiomel_arrival_quiet, solitary_fountain, serial_park_tiny_2,
          kennysheep_doodads
D:2:      first_bread, due_unseen_surprise, uniq_robin
D:3:      minmay_goblin_kobold_castle, uniq_crazy_yiuf_cottage
D:4:      cheibriados_altar_1, evilmike_ruin_ashenzari,
          minmay_temple_entry_large_hall
D:5:      vehumet_crystals, serial_co_window_serial, co_window_paths_a,
          co_window_corner_a, co_window_paths_a, co_window_of_opportunity_a,
          co_window_paths_b, co_window_paths_a, co_window_of_opportunity_c,
          co_window_corner_b, co_window_paths_c, co_window_4corner_a,
          co_window_4corner_b, glass_columns_b, glass_columns_a,
          glass_columns_a, uniq_edmund, uniq_sigmund, uniq_eustachio
D:6:      kennysheep_mini, basic_altar, gup_ossuary_entry_pyramid, serial_shops,
          shop, portal_sewer_entry_f
Temple:   circular_temple_12

Action                   |  1- 3 |  4- 6 |  7- 9 || total
-------------------------+-------+-------+-------++-------
Melee: Unarmed           |   146 |   288 |   264 ||   698
 Cast: Beastly Appendage |    12 |    18 |    27 ||    57
       Spider Form       |       |       |     1 ||     1
 Abil: Breathe Lightning |       |       |     4 ||     4
  Use: Scroll            |     3 |       |     7 ||    10
       Potion            |       |     3 |     5 ||     8
  Eat: Chunk             |     3 |    10 |    13 ||    26
